 Dungeon Crawl Stone Soup version 0.25-a0-1007-g10a8c3caa8 (webtiles) character file.

Game seed: 4651701565208271226, levelgen mode: deterministic

87 Flugslaktarn the Shield-Bearer (level 4, -7/40 HPs)
             Began as a Minotaur Fighter on May 11, 2020.
             Killed by divine providence
             ... invoked by an orc priest
              (9 damage)
             ... on level 3 of the Dungeon.
             The game lasted 00:00:19 (596 turns).

Flugslaktarn the Shield-Bearer (Minotaur Fighter)    Turns: 596, Time: 00:00:20

Health: -7/40      AC:  7    Str: 21    XL:     4   Next: 28%
Magic:  3/3        EV:  7    Int:  5    God:
Gold:   21         SH:  9    Dex: 10    Spells: 3/3 levels left

rFire    . . .     SeeInvis .   a - +0 war axe
rCold    . . .     Gourm    .   c - +0 kite shield
rNeg     . . .     Faith    .   b - +0 scale mail
rPois    .         Spirit   .   (helmet restricted)
rElec    .         Reflect  .   (no cloak)
rCorr    .         Harm     .   (no gloves)
MR       .....                  (no boots)
Stlth    ..........             (no amulet)
HPRegen  0.13/turn              (no ring)
MPRegen  0.08/turn              (no ring)

@: no status effects
A: retaliatory headbutt, horns 2
a: no special abilities


You were on level 3 of the Dungeon.
You were not hungry.

You visited 1 branch of the dungeon, and saw 3 of its levels.

You collected 21 gold pieces.

Inventory:

Hand Weapons
 a - a +0 war axe (weapon)
Armour
 b - a +0 scale mail (worn)
 c - a +0 kite shield (worn)
Scrolls
 f - a scroll of random uselessness {unknown}
 h - 2 scrolls of identify {unknown}
 i - a scroll of teleportation {unknown}
 k - a scroll of enchant armour {unknown}
Potions
 d - a potion of might
 g - 2 potions of curing {unknown}
 j - a potion of ambrosia {unknown}
Comestibles
 e - 3 rations
 l - 4 chunks of flesh


   Skills:
 + Level 4.2 Fighting
 * Level 4.0 Axes
 + Level 4.2 Armour
 + Level 4.2 Shields


You had 3 spell levels left.
You didn't know any spells.
Your spell library was empty.

Dungeon Overview and Level Annotations

Branches:
Dungeon (3/15)

Altars:

Annotations:
D:3 Grinder, Natasha


Innate Abilities, Weirdness & Mutations

You reflexively headbutt those who attack you in melee.
You have a pair of horns on your head.


Message History

Grinder gestures at you.
You suddenly lose the ability to move!
An orc wizard comes into view. It is wielding a +0 dagger.
The orc wizard shouts!
You hear a shout!
Grinder hits you!
Natasha growls.
Grinder gestures at you.
You shrug off the repeated paralysis!
The crimson imp summons a swarm of flies.
Grinder says, "Mostly I couldn't keep them alive."
Grinder hits you.
You writhe in agony.
The orc priest looks satisfied for a moment.
You can move again.
Okay, then.
Grinder gestures at you. Pain shoots through your body!
* * * LOW HITPOINT WARNING * * *
The orc priest calls down the wrath of Beogh upon you.
Beogh smites you!
You die...

....g.> .....$.
.########### .......
....#.....# 5.<....
####....###.### ..h..?.
##.#.....#####...# .......
#..........#...#@##o5.....
..####.)<........5Kobg....
####..###...###+###o.....
#..).## ###.# ####.
...#### #(# ## #.+ #.# ..#
..#


You could see Grinder, an orc priest, an orc wizard, a goblin, a bat and a
kobold.

Vanquished Creatures
  A scorpion (D:3)
  An orc priest (D:3)
  A dart slug (D:1)
  2 kobolds
  A quokka (D:3)
  2 bats (D:2)
8 creatures vanquished.

Notes
Turn   | Place    | Note
-------+----------+-------------------------------------------
     0 | D:1      | Flugslaktarn the Minotaur Fighter began the quest for the
                  | Orb.
     0 | D:1      | Reached XP level 1. HP: 19/19 MP: 0/0
   181 | D:3      | Noticed a scorpion
   187 | D:3      | Killed a scorpion
   187 | D:3      | Reached XP level 2. HP: 18/27 MP: 1/1
   187 | D:3      | Reached XP level 3. HP: 22/33 MP: 2/2
   408 | D:3      | Reached XP level 4. HP: 27/40 MP: 3/3
   583 | D:3      | Noticed Grinder
   583 | D:3      | Paralysed by Grinder for 7 turns
   586 | D:3      | Noticed Natasha
   591 | D:3      | Paralysed by Grinder for 5 turns
   596 | D:3      | HP: 2/40 [Grinder/nerve-wracking pain (14)]
   596 | D:3      | Killed from afar by an orc priest

Illustrated notes

Levels and vault maps discovered:
D:1:      dpeg_arrival_signposts, layout_loops_ring, minmay_3d_cube
D:2:      layout_basic, nemelex_xobeh_ov_fountains_minmay,
          gammafunk_temple_overflow_pools, minmay_door_square, uniq_terence
D:3:      layout_rooms, lemuel_doored_altar, first_ration, uniq_grinder,
          uniq_natasha

Skill      XL: |  1  2  3 |
---------------+----------+-----
Fighting       | 4 |  4.2
Axes           | 3 4 |  4.0
Armour         | 4 |  4.2
Shields        | 4 |  4.2

Action                   |  1- 3 |  4- 6 || total
-------------------------+-------+-------++-------
Melee: War axe           |    13 |     6 ||    19
       Headbutt          |     2 |       ||     2
Armor: Scale mail        |     1 |     8 ||     9
Dodge: Dodged            |     5 |     3 ||     8
Block: Kite shield       |     8 |     2 ||    10

Table legend:
 A = Non-vault XP
 B = Vault XP
 C = Vault XP percentage of total XP
 D = Non-vault monster count
 E = Vault monster count
 F = Vault count percentage of total count
                 A         B        C        D         E       F
            +---------+---------+-------+---------+---------+-------
      Total |     125 |       0 |   0.0 |       8 |       0 |   0.0
            +---------+---------+-------+---------+---------+-------
        D:1 |       4 |       0 |   0.0 |       1 |       0 |   0.0
        D:2 |       5 |       0 |   0.0 |       3 |       0 |   0.0
        D:3 |     116 |       0 |   0.0 |       4 |       0 |   0.0
            +---------+---------+-------+---------+---------+-------
